Map: World of Sleepers LE

Players

MikeHawk - Winner!

  • Race: Terran Terran
  • League: Diamond
  • Spawn Location: 7:00

ZerlingKing

  • Race: Zerg Zerg
  • League: Diamond
  • Spawn Location: 1:00

VOD

https://www.twitch.tv/videos/522327256?t=2h45m9s

Description

Time

  • Played on: Dec. 16, 2019, 1:39 p.m.
  • Length: 10:29
Show
View Real Time Build Order
Export as new Build Order

MikeHawk Terran - Winner!

Build Orders: Reaper Expand 

Get SALT Encoding   

  12  0:00  SCV  
  13  0:13  SCV  
  14  0:16  Supply Depot  
  14  0:25  SCV  
  15  0:38  SCV  
  15  0:41  Barracks  
  16  0:43  Refinery  
  16  0:53  SCV  
  17  1:05  SCV  
  18  1:17  SCV  
  19  1:28  Reaper  
  19  1:29  Orbital Command  
  20  1:40  Command Center  
  20  1:53  Supply Depot  
  20  1:55  SCV  
  20  2:00  Marine  
  22  2:07  SCV  
  23  2:10  Factory  
  23  2:19  SCV  
  23  2:22  Barracks Reactor  
  24  2:31  SCV  
  25  2:43  SCV, Command Center  
  26  2:52  Orbital Command  
  26  2:55  SCV  
  27  3:03  Hellion x2  
  31  3:08  Barracks Tech Lab, SCV  
  32  3:18  SCV  
  33  3:20  SCV  
  33  3:24  Hellion  
  33  3:25  Hellion  
  38  3:27  Stimpack, Marine  
  38  3:30  SCV  
  38  3:32  SCV  
  41  3:43  SCV  
  41  3:44  SCV  
  41  3:45  Marine  
  41  3:47  Barracks  
  44  3:49  Barracks  
  44  3:53  Factory Reactor  
  44  3:54  Refinery  
  44  3:55  SCV  
  45  3:56  SCV  
  45  3:57  Refinery  
  45  4:00  Orbital Command  
  46  4:07  Marine, SCV  
  46  4:08  SCV  
  49  4:17  Engineering Bay  
  49  4:18  Engineering Bay  
  49  4:19  SCV  
  49  4:20  SCV  
  51  4:25  Marine  
  51  4:26  SCV  
  51  4:30  Supply Depot  
  51  4:31  SCV  
  54  4:32  SCV  
  54  4:37  Starport  
  54  4:38  SCV  
  56  4:39  Factory Reactor  
  56  4:42  Marine x3  
  56  4:43  SCV  
  56  4:44  Marine  
  61  4:48  Terran Infantry Weapons Level 1  
  61  4:52  Marine, SCV  
  63  4:54  Supply Depot, Terran Infantry Armor Level 1  
  63  4:57  Orbital Command, SCV  
  63  4:59  Marine  
  64  5:00  Marine x2  
  64  5:04  Supply Depot, SCV  
  64  5:06  Supply Depot  
  68  5:09  SCV  
  68  5:10  Combat Shield  
  69  5:16  SCV  
  69  5:20  Refinery  
  71  5:21  SCV  
  71  5:25  SCV  
  71  5:27  Medivac x2, Factory Tech Lab  
  76  5:28  SCV  
  76  5:31  Marine x4  
  76  5:32  Marine  
  76  5:33  SCV  
  83  5:37  Supply Depot  
  83  5:38  SCV  
  83  5:40  SCV  
  85  5:45  SCV  
  85  5:47  Barracks x2  
  85  5:48  Siege Tank  
  89  5:50  SCV  
  89  5:53  Supply Depot  
  89  5:54  Supply Depot, SCV  
  91  5:57  SCV  
  91  5:58  Supply Depot  
  91  6:02  SCV  
  91  6:03  Marine x3  
  91  6:04  Marine x2  
  97  6:10  SCV x2  
  100  6:14  Refinery, SCV  
  100  6:15  Medivac x2  
  103  6:21  Marine x5  
  103  6:22  SCV  
  103  6:23  SCV  
  113  6:25  Siege Tank  
  113  6:26  SCV  
  113  6:29  Supply Depot  
  114  6:34  SCV  
  114  6:35  SCV  
  114  6:39  Marine x5  
  121  6:41  Barracks Reactor  
  121  6:43  Barracks Reactor  
  121  6:46  Supply Depot  
  120  6:47  Supply Depot  
  120  6:56  Marine  
  120  6:57  Marine x4, Armory  
  120  7:00  Barracks  
  125  7:01  Barracks  
  125  7:04  Barracks  
  125  7:10  Siege Tank  
  125  7:11  Medivac x2  
  125  7:14  Marine x2  
  125  7:15  Marine x3  
  137  7:17  Supply Depot  
  137  7:19  Supply Depot  
  137  7:20  Marine x3  
  137  7:21  Marine  
  141  7:32  Marine x3  
  141  7:33  Marine  
  141  7:34  Supply Depot x2, Marine  
  146  7:37  Marine x2  
  146  7:38  Marine  
  146  7:39  Marine  
  150  7:47  Medivac, Barracks Reactor, Siege Tank  
  150  7:48  Medivac  
  150  7:50  Barracks Reactor, Marine x3  
  150  7:51  Barracks Reactor  
  152  7:52  Marine x2  
  152  7:55  Marine x3  
  152  7:56  Marine  
  158  7:59  Barracks Tech Lab  
  158  8:00  Barracks Tech Lab x2  
  158  8:01  Terran Infantry Weapons Level 2, Terran Infantry Armor Level 2  
  158  8:08  Marine x3  
  158  8:10  Marine x2  
  163  8:13  Marine x2  
  165  8:20  Marine x3  
  165  8:21  Marauder x2  
  165  8:22  Siege Tank  
  165  8:26  Supply Depot x2  
  175  8:27  Medivac  
  175  8:28  Medivac  
  175  8:29  Marauder  
  181  8:35  Marine x6  
  181  8:39  Marauder  
  189  8:47  Marine x3  
  189  8:48  Marauder  
  194  8:50  Marauder  
  194  8:53  Marine x2  
  198  9:01  Marauder  
  200  9:05  Liberator x2  
  200  9:16  Marine x2  
  196  9:18  Marauder, Marine  
  196  9:19  Marine x2  
  196  9:20  Marine  
  196  9:21  Marine x4  
  196  9:22  Marauder  
  196  9:24  Siege Tank  
  200  9:34  Marine  
  200  9:39  Marauder  
  200  9:40  Marauder  
  200  9:43  Marauder  
  200  9:44  Marauder  
  200  9:45  Marine  
  196  9:46  Marine x2  
  197  9:54  Marine  
  197  9:55  Marine x3  
Show
View Real Time Build Order
Export as new Build Order

ZerlingKing Zerg 

Build Orders: Hatch First 

Get SALT Encoding   

  12  0:02  Drone  
  13  0:12  Overlord  
  13  0:16  Drone  
  14  0:30  Drone  
  14  0:31  Drone  
  14  0:35  Drone  
  17  0:52  Hatchery  
  17  0:55  Drone  
  17  0:58  Drone  
  18  1:12  Spawning Pool  
  18  1:13  Extractor  
  18  1:16  Drone  
  17  1:20  Drone  
  18  1:28  Drone  
  19  1:38  Overlord  
  19  1:51  Drone  
  20  1:59  Queen  
  20  2:00  Zergling x2  
  23  2:03  Queen  
  25  2:09  Drone  
  25  2:13  Drone  
  25  2:39  Metabolic Boost  
  25  2:42  Queen  
  25  2:43  Queen  
  29  2:48  Hatchery  
  28  2:53  Drone x4  
  32  3:02  Overlord  
  32  3:06  Drone x3  
  35  3:19  Drone, Queen  
  36  3:20  Drone  
  36  3:26  Queen  
  41  3:29  Overlord  
  41  3:33  Drone  
  42  3:39  Drone x2  
  44  3:45  Extractor  
  43  3:49  Drone x2  
  43  3:51  Drone x3  
  48  3:59  Zergling x2, Drone x2  
  48  4:01  Overlord  
  48  4:02  Overlord  
  51  4:18  Evolution Chamber  
  51  4:19  Evolution Chamber  
  51  4:21  Zergling x2  
  51  4:22  Zergling x10, Baneling Nest  
  54  4:30  Drone x3  
  57  4:43  Drone x3  
  60  4:47  Zerg Ground Armor Level 1  
  60  4:49  Overlord  
  60  4:50  Overlord  
  60  4:54  Drone x3  
  60  4:55  Extractor  
  60  4:57  Zerg Melee Weapons Level 1  
  60  4:59  Drone x3, Extractor  
  64  5:01  Drone x2  
  66  5:18  Overlord  
  66  5:21  Lair  
  66  5:25  Drone x2  
  66  5:27  Zergling x8  
  72  5:29  Drone x4  
  72  5:31  Overlord  
  76  5:46  Overlord  
  76  5:47  Zergling x16  
  76  5:48  Zergling x2  
  76  5:49  Baneling x5  
  85  5:51  Drone  
  86  6:04  Pneumatized Carapace  
  86  6:06  Drone x4  
  86  6:07  Drone  
  86  6:11  Drone x2  
  93  6:30  Hatchery  
  93  6:31  Extractor x2  
  89  6:33  Spire  
  85  6:40  Drone x4  
  85  6:41  Drone x2  
  85  6:46  Extractor  
  89  6:47  Drone x2  
  89  6:48  Drone  
  92  6:55  Zerg Ground Armor Level 2, Centrifical Hooks  
  92  6:56  Zerg Melee Weapons Level 2, Infestation Pit  
  91  7:02  Drone x2, Overlord  
  91  7:03  Drone x4  
  91  7:04  Drone x2  
  91  7:05  Zergling x4  
  91  7:06  Zergling x4  
  103  7:09  Overseer  
  103  7:10  Baneling x5  
  103  7:16  Drone x2  
  105  7:33  Baneling  
  105  7:34  Baneling x7  
  105  7:40  Overlord x2  
  100  7:54  Drone x3  
  103  7:59  Overlord x2  
  103  8:00  Zerg Flyer Weapons Level 1  
  103  8:01  Spine Crawler  
  103  8:03  Spire  
  103  8:05  Baneling x5  
  101  8:06  Zergling x2, Extractor  
  101  8:07  Zergling x22, Hatchery, Spine Crawler  
  101  8:09  Spine Crawler  
  101  8:11  Extractor  
  105  8:24  Drone x2  
  105  8:26  Drone  
  109  8:27  Drone x2  
  109  8:28  Drone x3  
  109  8:29  Drone x2  
  109  8:31  Hive  
  115  8:35  Spine Crawler  
  115  8:36  Spine Crawler  
  115  8:37  Drone x2  
  115  8:38  Burrow  
  115  8:39  Spore Crawler  
  114  8:41  Overlord x2  
  114  8:53  Zergling x10  
  119  8:56  Baneling x5  
  119  9:00  Zergling x8  
  123  9:07  Zergling x4  
  110  9:23  Baneling  
  110  9:24  Baneling x5  
  96  9:29  Zergling x4  
  96  9:30  Zergling x18  
  96  9:44  Zergling x2  
  96  9:45  Zergling x8  
  94  9:51  Baneling x8  
  94  9:52  Baneling x3  
  92  9:53  Baneling x10  
  85  10:01  Ultralisk Cavern  
  85  10:05  Baneling x4  
  82  10:12  Zergling x2  
Tags
 
Add a new tag
Caveats
  • Supply blocks, unpowered buildings, or Contaminate may cause inaccurate times.
  • Supply counts are checked every 10 seconds.